 Dungeon Crawl Stone Soup version 0.28.0-53-g5a82cb258f (webtiles) character file.

Game seed: 9183672307175272526

897 safid the Cleaver (level 8, -3/66 HPs)
             Began as a Hill Orc Fighter on July 21, 2022.
             Slain by a human
             ... wielding a +0 flail
              (9 damage)
             ... on level 7 of the Dungeon.
             The game lasted 00:03:49 (3939 turns).

safid the Cleaver (Hill Orc Fighter)                Turns: 3939, Time: 00:03:50

Health: -3/66      AC: 19    Str: 21    XL:     8   Next: 7%
Magic:  8/8        EV:  7    Int:  8    God:
Gold:   194        SH:  4    Dex: 10    Spells: 7/7 levels left

rFire   . . .      SeeInvis .   a - +0 war axe
rCold   + . .      Faith    .   c - +0 buckler
rNeg    . . .      Spirit   .   m - +8 chain mail "Irobouss" {rC+}
rPois   .          Reflect  .   j - +0 helmet
rElec   .          Harm     .   (no cloak)
rCorr   .          Rampage  .   h - +0 pair of gloves
Will    .....                   (no boots)
Stlth   ..........              (no amulet)
HPRegen 0.21/turn               (no ring)
MPRegen 0.11/turn               (no ring)

@: mighty
A: no striking features
a: no special abilities


You were on level 7 of the Dungeon.
You visited 1 branch of the dungeon, and saw 5 of its levels.

You collected 194 gold pieces.

Inventory:

Hand Weapons
 a - a +0 war axe (weapon)
Missiles
 n - 8 poisoned darts (quivered)
 t - 6 javelins
Armour
 c - a +0 buckler (worn)
 h - a +0 pair of gloves (worn)
 j - a +0 helmet (worn)
 m - the +8 chain mail "Irobouss" (worn) {rC+}
   (You found it on level 2 of the Dungeon)

   rC:        It protects you from cold.
Wands
 u - a wand of digging (3)
Scrolls
 b - 2 scrolls of amnesia {unknown}
 e - a scroll of brand weapon {unknown}
 i - a scroll of identify {unknown}
 k - 2 scrolls of magic mapping {unknown}
 o - a scroll of fear {unknown}
 q - a scroll of immolation {unknown}
 v - a scroll of teleportation {unknown}
Potions
 d - a potion of might
 f - a potion of heal wounds {unknown}
 g - a potion of resistance {unknown}
 l - a potion of invisibility {unknown}
 p - a potion of flight {unknown}
 r - a potion of berserk rage {unknown}
 s - a potion of lignification {unknown}


   Skills:
 - Level 4.0 Fighting
 + Level 11.1 Axes
 - Level 4.0 Armour
 - Level 4.0 Shields


You had 7 spell levels left.
You didn't know any spells.
Your spell library contained the following spells:

 Spells                   Type           Power      Damage    Failure   Level
 Corpse Rot               Necr/Air       0%         N/A       100%        2
 Poisonous Vapours        Pois/Air       0%         N/A       100%        2


Dungeon Overview and Level Annotations

Branches:
Dungeon (4/15)
 Temple: D:4-7

Altars:

Shops:
D:1 (   D:7 *

Portals:
Bailey: D:7

Annotations:
D:2 1 runed translucent door, Crazy Yiuf
D:3 2 runed translucent doors


Message History

The human hits you but does no damage.
You barely miss the human.
The human is heavily wounded.
The human hits you with a +0 club!
* * * LOW HITPOINT WARNING * * *
You barely miss the human.
The human is heavily wounded.
You block the human's attack.
You closely miss the human.
The human is heavily wounded.
A human comes into view. It is wielding a +0 flail.
The human hits you but does no damage.
Unknown command.
You miss the human.
The human is heavily wounded.
The human shouts!
You hear a shout!
The human hits you but does no damage.
You slash the human!
The human is almost dead.
A human comes into view. It is wielding a +0 club.
The human hits you with a +0 club!
* * * LOW HITPOINT WARNING * * *
The human moves out of view.
You closely miss the human.
The human is almost dead.
The human barely misses you.
You hit the human.
The human is almost dead.
The human hits you but does no damage.
You closely miss the human.
The human is almost dead.
The human hits you but does no damage.
You slash the human!
You kill the human!
You hit the human but do no damage. The human barely misses you.
Your Axes skill increases to level 11!
You have reached level 8!
You feel very mighty all of a sudden. The human hits you with a +0 flail!
You die...

##..?# ..... .... ...
##..##### #........
#pp...... #@.......
+........ #.....!?.
#.#+#.... #.'∩+ ...
############.#+# ..
#...........#..####..
####8###8##..........
+........∩8##.#######


You could see 2 humans.

Vanquished Creatures
  3 humans (D:7)
  A necrophage (D:4)
  2 ogres (D:4)
  A bullfrog (D:7)
  A hound (D:3)
  An iguana (D:4)
  A hound skeleton (D:4)
  Robin (D:2)
  An adder (D:3)
  2 worms
  A dart slug (D:2)
  6 orcs (D:3)
  9 ball pythons
  An endoplasm (D:3)
  3 giant cockroaches
  6 goblins
  16 hobgoblins
  6 jackals
  2 quokkas (D:2)
  9 bats
  2 frilled lizards
  7 kobolds
  5 rats
87 creatures vanquished.

Notes
Turn   | Place    | Note
-------+----------+-------------------------------------------
     0 | D:1      | safid the Hill Orc Fighter began the quest for the Orb.
     0 | D:1      | Reached XP level 1. HP: 19/19 MP: 1/1
   125 | D:1      | Reached XP level 2. HP: 27/27 MP: 2/2
   133 | D:1      | Reached skill level 3 in Axes
   392 | D:1      | Found Uplofyec's Weapon Boutique.
   887 | D:1      | Reached XP level 3. HP: 20/33 MP: 3/3
  1356 | D:2      | Noticed Robin
  1387 | D:2      | Killed Robin
  1388 | D:2      | Reached XP level 4. HP: 21/40 MP: 4/4
  1735 | D:2      | Identified the +8 chain mail "Irobouss" {rC+}
  1829 | D:2      | Reached skill level 4 in Axes
  2022 | D:2      | Found a runed translucent door.
  2023 | D:2      | Noticed Crazy Yiuf
  2129 | D:2      | Found a faded altar of an unknown god.
  2656 | D:3      | Found a large runed translucent door.
  2656 | D:3      | Found a large runed translucent door.
  3015 | D:4      | Reached skill level 5 in Axes
  3021 | D:4      | Reached XP level 5. HP: 29/46 MP: 5/5
  3134 | D:4      | Noticed an ogre
  3160 | D:3      | Reached skill level 6 in Axes
  3287 | D:4      | Noticed an ogre
  3292 | D:4      | Killed an ogre
  3293 | D:4      | Reached skill level 7 in Axes
  3293 | D:4      | Reached XP level 6. HP: 45/52 MP: 6/6
  3568 | D:4      | Noticed a necrophage
  3575 | D:4      | Killed a necrophage
  3582 | D:4      | Reached skill level 8 in Axes
  3606 | D:4      | Reached XP level 7. HP: 35/59 MP: 7/7
  3847 | D:4      | You fall into a shaft and drop 3 floors!
  3851 | D:7      | Found a flagged portal.
  3859 | D:7      | Found Feiqyrch's General Store.
  3895 | D:7      | Noticed a human
  3900 | D:7      | Reached skill level 9 in Axes
  3900 | D:7      | Noticed a human
  3913 | D:7      | Noticed a human
  3916 | D:7      | Killed a human
  3928 | D:7      | Killed a human
  3929 | D:7      | Reached skill level 10 in Axes
  3932 | D:7      | Noticed a human
  3934 | D:7      | Noticed a human
  3938 | D:7      | Killed a human
  3939 | D:7      | Reached skill level 11 in Axes
  3939 | D:7      | Reached XP level 8. HP: 6/66 MP: 8/8
  3939 | D:7      | Slain by a human

Illustrated notes

Levels and vault maps discovered:
D:1:      mainiacjoe_arrival_reflecting_pool, layout_loops_ring, serial_shops,
          nicolae_shop_temple_entry_statues_fountains, minmay_tromino_v7
D:2:      layout_loops_corners, dreamdust_ecumenical_altar_hidden_monk_grotto,
          uniq_crazy_yiuf_cottage, uniq_robin
D:3:      layout_loops_ring, jmf_multi_god_temple2, chequers_arboretum
D:4:      layout_gridville
D:7:      layout_basic, enter_bailey_8, serial_shops, shop_fountains, shop,
          nicolae_shop_behind_doors, nicolae_shop_behind_doors,
          kennysheep_nondescript, minivault_4, minmay_ruffians, uniq_duvessa

Skill      XL: |  1  2  3  4  5  6  7 |
---------------+----------------------+-----
Axes           | 3 5 7 8 11 | 11.1
Fighting       | 4 |  4.0
Armour         | 4 |  4.0
Shields        | 4 |  4.0

Action                   |  1- 3 |  4- 6 |  7- 9 || total
-------------------------+-------+-------+-------++-------
Melee: War axe           |   105 |   125 |    40 ||   270
Throw: Dart              |       |     3 |       ||     3
  Use: Potion            |       |       |     1 ||     1
Armor: Scale mail        |    60 |     4 |       ||    64
       Chain mail        |       |    81 |    34 ||   115
Dodge: Dodged            |    55 |    45 |    14 ||   114
Block: Buckler           |    23 |    24 |    12 ||    59
